TOP OF THE 1ST |
Houston 1837 BBC batting - Pitching for Las Vegas Flamingos : RHP John Brown
|
Pitching: RHP John Brown
|
|
Batting: RHB Kumanosuke Abe
|
0-0: Swinging Strike 0-1: Foul Ball, location: 2F 0-2: Ball 1-2: Strikes out swinging
|
Batting: LHB Alberto Torres
|
0-0: Fly out, F5 (Popup, 25F)
|
Batting: SHB Jason Alexander
|
0-0: Ball 1-0: Ball 2-0: SINGLE (Groundball, 4MD)
|
Batting: RHB Bob Dickerson
|
0-0: Called Strike 0-1: Ball 1-1: SINGLE (Flyball, 9LS) Jason Alexander to second Runner from 2nd tries for 3rd, SAFE, throw made to third Bob Dickerson to second
|
Batting: LHB Christian Blair
|
0-0: Ground out 5-3 (Groundball, 56)
|
Top of the 1st over - 0 run(s), 2 hit(s), 0 error(s), 2 left on base; Houston 0 - Las Vegas 0 |
BOTTOM OF THE 1ST |
Las Vegas Flamingos batting - Pitching for Houston 1837 BBC : RHP Jimmy Whittier
|
Pitching: RHP Jimmy Whittier
|
|
Batting: RHB Sake van Arem
|
0-0: Ball 1-0: Called Strike 1-1: Foul Ball, location: 2F 1-2: Ground out 6-3 (Groundball, 6)
|
Batting: RHB Ángel López
|
0-0: Foul Ball, location: 2F 0-1: Ground out 4-3 (Groundball, 4)
|
Batting: LHB Victor Adams
|
0-0: Ball 1-0: Foul Ball, location: 2F 1-1: Ball 2-1: Ball 3-1: Called Strike 3-2: Base on Balls
|
Batting: RHB Jeff Young
|
0-0: Ball 1-0: Called Strike 1-1: Swinging Strike 1-2: Ball 2-2: Fly out, F9 (Flyball, 9S)
|
Bottom of the 1st over - 0 run(s), 0 hit(s), 0 error(s), 1 left on base; Houston 0 - Las Vegas 0 |
TOP OF THE 2ND |
Houston 1837 BBC batting - Pitching for Las Vegas Flamingos : RHP John Brown
|
Batting: RHB Bob Campbell
|
0-0: Called Strike 0-1: Ball 1-1: Ground out 6-3 (Groundball, 6MD)
|
Batting: RHB Steve Hinkle
|
0-0: Ball 1-0: Swinging Strike 1-1: Ball 2-1: Called Strike 2-2: Strikes out swinging
|
Batting: LHB Eugene Lawrence
|
0-0: Foul Ball, location: 2F 0-1: Swinging Strike 0-2: Ball 1-2: Strikes out swinging
|
Top of the 2nd over - 0 run(s), 0 hit(s), 0 error(s), 0 left on base; Houston 0 - Las Vegas 0 |
BOTTOM OF THE 2ND |
Las Vegas Flamingos batting - Pitching for Houston 1837 BBC : RHP Jimmy Whittier
|
Batting: LHB Chris McKinney
|
0-0: Ball 1-0: SINGLE (Groundball, 34)
|
Batting: LHB Takahiro Harada
|
0-0: Grounds into double play, 3-6-3 (Groundball, 34)
|
Batting: RHB Steven Talley
|
0-0: Ball 1-0: Ground out 6-3 (Groundball, 56)
|
Bottom of the 2nd over - 0 run(s), 1 hit(s), 0 error(s), 0 left on base; Houston 0 - Las Vegas 0 |
TOP OF THE 3RD |
Houston 1837 BBC batting - Pitching for Las Vegas Flamingos : RHP John Brown
|
Batting: LHB Mike Hanson
|
0-0: Called Strike 0-1: Ball 1-1: Foul Ball, location: 2F 1-2: SINGLE (Flyball, 78S)
|
Batting: RHB Kumanosuke Abe
|
0-0: Fly out, F7 (Flyball, 7D)
|
Batting: LHB Alberto Torres
|
0-0: Ball 1-0: Foul Ball, location: 2F 1-1: Ball 2-1: SINGLE (Popup, 78S) Mike Hanson to second
|
Batting: SHB Jason Alexander
|
0-0: Called Strike 0-1: Ball 1-1: Swinging Strike 1-2: Foul Ball, location: 2F 1-2: Strikes out swinging
|
Batting: RHB Bob Dickerson
|
0-0: Hit by Pitch Mike Hanson to third Alberto Torres to second
|
Batting: LHB Christian Blair
|
0-0: Ball Wild Pitch! Mike Hanson scores Alberto Torres to third Bob Dickerson to second 1-0: Called Strike 1-1: Ball 2-1: Ground out 5-3 (Groundball, 56)
|
Top of the 3rd over - 1 run(s), 2 hit(s), 0 error(s), 2 left on base; Houston 1 - Las Vegas 0 |
BOTTOM OF THE 3RD |
Las Vegas Flamingos batting - Pitching for Houston 1837 BBC : RHP Jimmy Whittier
|
Batting: LHB Sinclair van Kooten
|
0-0: Ball 1-0: Called Strike 1-1: Foul Ball, location: 2F 1-2: Foul Ball, location: 2F 1-2: Ball 2-2: Strikes out swinging
|
Batting: RHB Pablo Lugo
|
0-0: Called Strike 0-1: Swinging Strike 0-2: Ball 1-2: Ball 2-2: Ball 3-2: Foul Ball, location: 2F 3-2: Base on Balls
|
Batting: RHB Sake van Arem
|
0-0: Called Strike 0-1: SINGLE (Groundball, 56) Pablo Lugo to second
|
Batting: RHB Ángel López
|
0-0: Ball 1-0: Ball 2-0: Called Strike 2-1: Foul Ball, location: 2F 2-2: Strikes out swinging
|
Batting: LHB Victor Adams
|
0-0: Called Strike 0-1: Ball 1-1: Swinging Strike 1-2: SINGLE (Groundball, 4MD) Pablo Lugo to third Sake van Arem to second Runner from 3rd tries for Home, SAFE, no throw or cutoff
|
Batting: RHB Jeff Young
|
0-0: Called Strike 0-1: Swinging Strike 0-2: Strikes out swinging
|
Bottom of the 3rd over - 1 run(s), 2 hit(s), 0 error(s), 2 left on base; Houston 1 - Las Vegas 1 |
TOP OF THE 4TH |
Houston 1837 BBC batting - Pitching for Las Vegas Flamingos : RHP John Brown
|
Batting: RHB Bob Campbell
|
0-0: Fly out, F2 (Popup, 2RF)
|
Batting: RHB Steve Hinkle
|
0-0: Ball 1-0: Foul Ball, location: 2F 1-1: Ground out 6-3 (Groundball, 6M)
|
Batting: LHB Eugene Lawrence
|
0-0: Called Strike 0-1: Swinging Strike 0-2: Strikes out swinging
|
Top of the 4th over - 0 run(s), 0 hit(s), 0 error(s), 0 left on base; Houston 1 - Las Vegas 1 |
BOTTOM OF THE 4TH |
Las Vegas Flamingos batting - Pitching for Houston 1837 BBC : RHP Jimmy Whittier
|
Batting: LHB Chris McKinney
|
0-0: Ball 1-0: Called Strike 1-1: Called Strike 1-2: Strikes out swinging
|
Batting: LHB Takahiro Harada
|
0-0: Hit by Pitch
|
Batting: RHB Steven Talley
|
0-0: Ball 1-0: Foul Ball, location: 2F 1-1: Ball 2-1: Called Strike 2-2: Foul Ball, location: 2F 2-2: Foul Ball, location: 2F 2-2: Strikes out swinging
|
Batting: LHB Sinclair van Kooten
|
0-0: Called Strike 0-1: Foul Ball, location: 2F 0-2: Ground out 6-3 (Groundball, 6)
|
Bottom of the 4th over - 0 run(s), 0 hit(s), 0 error(s), 1 left on base; Houston 1 - Las Vegas 1 |
TOP OF THE 5TH |
Houston 1837 BBC batting - Pitching for Las Vegas Flamingos : RHP John Brown
|
Batting: LHB Mike Hanson
|
0-0: Ball 1-0: Called Strike 1-1: Ball 2-1: DOUBLE (Groundball, 3L)
|
Batting: RHB Kumanosuke Abe
|
0-0: Called Strike 0-1: Foul Ball, location: 2F 0-2: Strikes out swinging
|
Batting: LHB Alberto Torres
|
0-0: 2-RUN HOME RUN (Line Drive, 9LD), Distance : 347 ft
|
Batting: SHB Jason Alexander
|
0-0: Swinging Strike 0-1: Foul Ball, location: 2F 0-2: Ball 1-2: Strikes out swinging
|
Batting: RHB Bob Dickerson
|
0-0: Ground out 6-3 (Groundball, 6)
|
Top of the 5th over - 2 run(s), 2 hit(s), 0 error(s), 0 left on base; Houston 3 - Las Vegas 1 |
BOTTOM OF THE 5TH |
Las Vegas Flamingos batting - Pitching for Houston 1837 BBC : RHP Jimmy Whittier
|
Batting: RHB Pablo Lugo
|
0-0: Ball 1-0: Called Strike 1-1: Ball 2-1: Foul Ball, location: 2F 2-2: Strikes out swinging
|
Batting: RHB Sake van Arem
|
0-0: Called Strike 0-1: Swinging Strike 0-2: DOUBLE (Groundball, 5L)
|
Batting: RHB Ángel López
|
0-0: Ball 1-0: Called Strike 1-1: Ball 2-1: SINGLE (Groundball, 4M) Sake van Arem to third Runner from 3rd tries for Home, SAFE, no throw or cutoff
|
Batting: LHB Victor Adams
|
0-0: Grounds into double play, 6-4-3 (Groundball, 6)
|
Bottom of the 5th over - 1 run(s), 2 hit(s), 0 error(s), 0 left on base; Houston 3 - Las Vegas 2 |
TOP OF THE 6TH |
Houston 1837 BBC batting - Pitching for Las Vegas Flamingos : RHP John Brown
|
Batting: LHB Christian Blair
|
0-0: Called Strike 0-1: Ball 1-1: Foul Ball, location: 2F 1-2: Ground out 5-3 (Groundball, 15S)
|
Batting: RHB Bob Campbell
|
0-0: Called Strike 0-1: Ball 1-1: Ball 2-1: Swinging Strike 2-2: Strikes out swinging
|
Batting: RHB Steve Hinkle
|
0-0: Called Strike 0-1: Swinging Strike 0-2: Ball 1-2: Fly out, F7 (Flyball, 7M)
|
Top of the 6th over - 0 run(s), 0 hit(s), 0 error(s), 0 left on base; Houston 3 - Las Vegas 2 |
BOTTOM OF THE 6TH |
Las Vegas Flamingos batting - Pitching for Houston 1837 BBC : RHP Jimmy Whittier
|
Batting: RHB Jeff Young
|
0-0: Ball 1-0: Foul Ball, location: 2F 1-1: SINGLE (Line Drive, 6MD)
|
Batting: LHB Chris McKinney
|
0-0: Ball 1-0: Ball 2-0: Foul Ball, location: 2F 2-1: Ball 3-1: Base on Balls Jeff Young to second
|
Batting: LHB Takahiro Harada
|
0-0: Ball 1-0: Fly out, F9 (Flyball, 9D)
|
Batting: RHB Steven Talley
|
0-0: Called Strike 0-1: Ball 1-1: Ball 2-1: Grounds into double play, 6-4-3 (Groundball, 6M)
|
Bottom of the 6th over - 0 run(s), 1 hit(s), 0 error(s), 1 left on base; Houston 3 - Las Vegas 2 |
TOP OF THE 7TH |
Houston 1837 BBC batting - Pitching for Las Vegas Flamingos : RHP John Brown
|
Batting: LHB Eugene Lawrence
|
0-0: Ball 1-0: Ball 2-0: Called Strike 2-1: Foul Ball, location: 2F 2-2: Strikes out swinging
|
Batting: LHB Mike Hanson
|
0-0: Called Strike 0-1: Foul Ball, location: 2F 0-2: Fly out, F6 (Popup, 56D)
|
Batting: RHB Kumanosuke Abe
|
0-0: Called Strike 0-1: Ball 1-1: Ball 2-1: Ball 3-1: Called Strike 3-2: Foul Ball, location: 2F 3-2: Fly out, F9 (Flyball, 9LD)
|
Top of the 7th over - 0 run(s), 0 hit(s), 0 error(s), 0 left on base; Houston 3 - Las Vegas 2 |
BOTTOM OF THE 7TH |
Las Vegas Flamingos batting - Pitching for Houston 1837 BBC : RHP Jimmy Whittier
|
Batting: LHB Sinclair van Kooten
|
0-0: Ball 1-0: Ball 2-0: Foul Ball, location: 2F 2-1: Called Strike 2-2: Ball 3-2: Foul Ball, location: 2F 3-2: Strikes out swinging
|
Batting: RHB Pablo Lugo
|
0-0: Ball 1-0: Swinging Strike 1-1: Foul Ball, location: 2F 1-2: Foul Ball, location: 2F 1-2: Ground out 4-3 (Groundball, 4M)
|
Batting: RHB Sake van Arem
|
0-0: Ball 1-0: Called Strike 1-1: Fly out, F4 (Popup, 4M)
|
Bottom of the 7th over - 0 run(s), 0 hit(s), 0 error(s), 0 left on base; Houston 3 - Las Vegas 2 |
TOP OF THE 8TH |
Houston 1837 BBC batting - Pitching for Las Vegas Flamingos : RHP John Brown
|
Batting: LHB Alberto Torres
|
0-0: Called Strike 0-1: Foul Ball, location: 2F 0-2: Ball 1-2: Ground out U3 (Groundball, 3S)
|
Batting: SHB Jason Alexander
|
0-0: Ball 1-0: Called Strike 1-1: Swinging Strike 1-2: Ball 2-2: Foul Ball, location: 2F 2-2: Fly out, F7 (Flyball, 78S)
|
Batting: RHB Bob Dickerson
|
0-0: Called Strike 0-1: Ball 1-1: Ball 2-1: Called Strike 2-2: Foul Ball, location: 2F 2-2: SINGLE (Line Drive, 8LS)
|
Batting: LHB Christian Blair
|
0-0: Ball 1-0: Called Strike 1-1: Ball 2-1: Ball 3-1: Base on Balls Bob Dickerson to second
|
Pitching: LHP Carlos Vargas
|
|
Batting: RHB Bob Campbell
|
0-0: Foul Ball, location: 2F 0-1: Called Strike 0-2: Ball 1-2: Fly out, F4 (Popup, 34D)
|
Top of the 8th over - 0 run(s), 1 hit(s), 0 error(s), 2 left on base; Houston 3 - Las Vegas 2 |
BOTTOM OF THE 8TH |
Las Vegas Flamingos batting - Pitching for Houston 1837 BBC : RHP Jimmy Whittier
|
Batting: RHB Ángel López
|
0-0: Ball 1-0: Ball 2-0: Called Strike 2-1: Foul Ball, location: 2F 2-2: Ball 3-2: Base on Balls
|
Pitching: RHP Travis Hall
|
|
Batting: LHB Victor Adams
|
0-0: Ball 1-0: Ball 2-0: Foul Ball, location: 2F 2-1: Ball 3-1: Swinging Strike 3-2: Foul Ball, location: 2F 3-2: SINGLE (Groundball, 34D) Ángel López to second Runner from 2nd tries for 3rd, SAFE, no throw or cutoff
|
Pitching: RHP Francisco Valdés
|
|
Batting: RHB Jeff Young
|
0-0: Fly out, F8 (Flyball, 8LM) Runner from 3rd tags up, SCORES, no throw
|
Batting: LHB Chris McKinney
|
0-0: Ball 1-0: Ball 2-0: Foul Ball, location: 2F 2-1: Swinging Strike 2-2: Ball 3-2: Foul Ball, location: 2F 3-2: Base on Balls Victor Adams to second
|
Pinch Runner at 2nd Terry Sylvester:
|
|
Batting: LHB Takahiro Harada
|
0-0: Called Strike 0-1: Fly out, F8 (Line Drive, 8LM)
|
Batting: RHB Steven Talley
|
0-0: Ball 1-0: Ball 2-0: Swinging Strike 2-1: Ground out 5-3 (Groundball, 56)
|
Bottom of the 8th over - 1 run(s), 1 hit(s), 0 error(s), 2 left on base; Houston 3 - Las Vegas 3 |
TOP OF THE 9TH |
Houston 1837 BBC batting - Pitching for Las Vegas Flamingos : LHP Carlos Vargas
|
Pitching: RHP José Hernández
|
|
Now in CF: Terry Sylvester
|
|
Pinch Hitting: LHB Chris Rice
|
0-0: Called Strike 0-1: Ball 1-1: Ball 2-1: Foul Ball, location: 2F 2-2: Ball 3-2: Foul Ball, location: 2F 3-2: SINGLE (Flyball, 89S)
|
Batting: LHB Eugene Lawrence
|
0-0: Sac Bunt - play at first, batter OUT! 1-4 Chris Rice to second
|
Batting: LHB Mike Hanson
|
0-0: Ball 1-0: Called Strike 1-1: Ball 2-1: Foul Ball, location: 2F 2-2: Ball 3-2: Strikes out swinging
|
Batting: RHB Kumanosuke Abe
|
0-0: Swinging Strike 0-1: Called Strike 0-2: Ball 1-2: Strikes out swinging
|
Top of the 9th over - 0 run(s), 1 hit(s), 0 error(s), 1 left on base; Houston 3 - Las Vegas 3 |
BOTTOM OF THE 9TH |
Las Vegas Flamingos batting - Pitching for Houston 1837 BBC : RHP Francisco Valdés
|
Now in RF: Oscar Lewis
|
|
Batting: LHB Sinclair van Kooten
|
0-0: Ball 1-0: Swinging Strike 1-1: Ball Single, Error in OF, E8, batter to second base
|
Batting: RHB Pablo Lugo
|
0-0: Ball 1-0: Ball 2-0: Foul Ball, location: 2F 2-1: Foul Ball, location: 2F 2-2: Ball 3-2: Strikes out looking
|
Batting: RHB Sake van Arem
|
0-0: Intentional Walk
|
Batting: RHB Ángel López
|
0-0: Ball 1-0: Fly out, F4 (Line Drive, 4)
|
Batting: RHB Terry Sylvester
|
0-0: Called Strike 0-1: Ball 1-1: Foul Ball, location: 2F 1-2: Strikes out looking
|
Bottom of the 9th over - 0 run(s), 1 hit(s), 1 error(s), 2 left on base; Houston 3 - Las Vegas 3 |
TOP OF THE 10TH |
Houston 1837 BBC batting - Pitching for Las Vegas Flamingos : RHP José Hernández
|
Batting: LHB Alberto Torres
|
0-0: Called Strike 0-1: Foul Ball, location: 2F 0-2: Fly out, F7 (Flyball, 7M)
|
Batting: SHB Jason Alexander
|
0-0: Foul Ball, location: 2F 0-1: Ball 1-1: Fly out, F8 (Line Drive, 8LD)
|
Batting: RHB Bob Dickerson
|
0-0: Ball 1-0: Ball 2-0: Ball 3-0: Called Strike 3-1: Called Strike 3-2: Fly out, F8 (Flyball, 8RM)
|
Top of the 10th over - 0 run(s), 0 hit(s), 0 error(s), 0 left on base; Houston 3 - Las Vegas 3 |
|